 Dungeon Crawl Stone Soup version 0.20.0 (webtiles) character file.

31 HeyBub the Covered (level 2, 0/34 HPs)
             Began as a Demigod Wanderer on May 25, 2017.
             Slain by a goblin (2 damage)
             ... led by Robin
             ... on level 2 of the Dungeon.
             The game lasted 00:01:31 (751 turns).

HeyBub the Covered (Demigod Wanderer)                Turns: 751, Time: 00:01:32

Health: 0/34       AC: 21    Str: 15    XL:     2   Next: 90%
Magic:  5/5        EV:  2    Int: 15    God:
Gold:   40         SH:  8    Dex: 18    Spells: 3/3 levels left

rFire    . . .     SeeInvis .   d - +1 dagger
rCold    . . .     Gourm    .   a - +0 shield
rNeg     + + +     Faith    .   (armour currently unavailable)
rPois    +         Spirit   .   (helmet currently unavailable)
rElec    .         Reflect  .   (cloak currently unavailable)
rCorr    .         Harm     .   (gloves currently unavailable)
MR       .....     NoTele   +   (boots currently unavailable)
Stlth    ++........             (no amulet)
Regen    0.2/turn               (no ring)
MPRegen  0.1/turn               (no ring)

@: tree-form
A: agile 1, high mp 1
a: no special abilities


You were on level 2 of the Dungeon.
You were not hungry.
You were a tree.
You visited 1 branch of the dungeon, and saw 2 of its levels.

You collected 40 gold pieces.

Inventory:

Hand Weapons
 d - a +1 dagger (weapon)
Armour
 a - a +0 shield (worn)
 b - a +0 ring mail (melded)
Scrolls
 l - 2 scrolls of teleportation
Potions
 e - 2 potions of flight
Books
 c - Kyihiem's Tome of the Rocks

   Spells                             Type                      Level
   a - Sandblast                      Earth                        1
   b - Stone Arrow                    Conjuration/Earth            3
Comestibles
 f - 2 bread rations


   Skills:
 + Level 1.4 Fighting
 + Level 0.3 Short Blades
   Level 1.7 Crossbows
 + Level 1.3 Throwing
 + Level 2.5 Armour
 + Level 0.1 Dodging
 + Level 1.0 Shields
 + Level 1.0 Spellcasting
   Level 1.7 Transmutations


You had 3 spell levels left.
You didn't know any spells.

Dungeon Overview and Level Annotations

Branches:
Dungeon (2/15)

Annotations:
D:2 Robin


Innate Abilities, Weirdness & Mutations

You have an increased reservoir of magic. (+10% MP)
You are agile. (Dex +2)
((Your flesh is cold resistant. (rC+)))


Message History

Unknown command.
You are too injured to fight recklessly!
You closely miss the goblin. The goblin hits you but does no damage.
The kobold hits you but does no damage. The goblin hits you but does no damage.
The goblin barely misses you. The goblin hits you.
* * * LOW HITPOINT WARNING * * *
The goblin hits you but does no damage. The kobold hits you but does no damage.
The hobgoblin hits you but does no damage.
You hit the kobold.
The kobold is severely wounded.
The goblin hits you.
* * * LOW HITPOINT WARNING * * *
You block the kobold's attack. You block the goblin's attack.
The goblin hits you but does no damage. x3
The kobold hits you but does no damage. You block the hobgoblin's attack.
You hit the kobold but do no damage.
The kobold is severely wounded.
You block the goblin's attack. The kobold hits you but does no damage.
The goblin hits you.
You die...

.......# ..
......####..
#...........
##...........
#).....?......
#...gg........
#...gKg.......
#..gg♣gg....##
#
#...ggK......#
#
####.(.....).#
# #.?.......#
#####
#.........#
#....
#.........#
#....
#.........#
#....
#!........#
#....
#.........###
#....


You could see Robin, 2 hobgoblins, 7 goblins and 2 kobolds.

Vanquished Creatures
  2 dart slugs (D:1)
  A leopard gecko (D:1)
  A giant cockroach (D:1)
  6 goblins
  A hobgoblin (D:1)
  6 bats
  4 frilled lizards (D:1)
  3 kobolds (D:1)
  2 rats (D:1)
26 creatures vanquished.

Notes
Turn   | Place    | Note
-------+----------+-------------------------------------------
     0 | D:1      | HeyBub the Demigod Wanderer began the quest for the Orb.
     0 | D:1      | HeyBub set off with: a +0 shield, a +0 ring mail, Kyihiem's Tome of the Rocks, a +0 dagger, a bread ration
     0 | D:1      | Reached XP level 1. HP: 16/16 MP: 4/4
     0 | D:1      | Identified Kyihiem's Tome of the Rocks
    19 | D:1      | Reached skill level 2 in Armour
   217 | D:1      | Reached XP level 2. HP: 21/23 MP: 5/5
   739 | D:2      | Noticed Robin
   748 | D:2      | Gained mutation: Your flesh is cold resistant. (rC+) [potion of mutation]
   748 | D:2      | Gained mutation: You are agile. (Dex +2) [potion of mutation]
   751 | D:2      | Slain by a goblin

Skill      XL: |  1 |
---------------+----+-----
Armour         | 2 |  2.5
Fighting       | |  1.4
Short Blades   | |  0.3
Crossbows      | |  1.7
Throwing       | |  1.3
Dodging        | |  0.1
Shields        | |  1.0
Spellcasting   | |  1.0
Transmutations | |  1.7

Action                   || total
-------------------------++-------
Melee: Dagger            ||   121
  Use: Scroll            ||     4
       Potion            ||     2
Armor: Ring mail         ||    60
       Skin              ||    20
Dodge: Dodged            ||    46
Block: Shield            ||    58
